 Dungeon Crawl Stone Soup version 0.20.1-1-g8b1a95d (webtiles) character file.

585 grizmgrazm2 the Sneak (level 7, -9/46 HPs)
             Began as a Vampire Enchanter on Sept 20, 2017.
             Killed from afar by an electric eel (11 damage)
             ... with a bolt of electricity
             ... on level 4 of the Dungeon.
             The game lasted 00:10:45 (3586 turns).

grizmgrazm2 the Sneak (Vampire Enchanter)           Turns: 3586, Time: 00:10:45

Health: -9/46      AC: 10    Str:  7    XL:     7   Next: 14%
Magic:  9/13       EV: 13    Int: 20    God:
Gold:   177        SH:  0    Dex: 14    Spells: 8/14 levels left

rFire    + . .     SeeInvis +   h - +2 dagger (protect)
rCold    . . .     Gourm    .   (no shield)
rNeg     + + .     Faith    .   b - +0 robe
rPois    +         Spirit   .   (no helmet)
rElec    .         Reflect  .   (no cloak)
rCorr    .         Harm     .   (no gloves)
MR       .....                  n - +2 pair of boots
Stlth    +++++.....             o - amulet of inaccuracy (curse)
Regen    0.1/turn               k - ring of fire
MPRegen  0.2/turn               g - +5 ring of protection

@: regenerating slowly
A: fangs 3, see invisible, unbreathing
a: Bat Form


You were on level 4 of the Dungeon.
You were near bloodless.

You visited 1 branch of the dungeon, and saw 4 of its levels.

You collected 177 gold pieces.

Inventory:

Hand Weapons
 a - a +1 dagger
 h - a +2 dagger of protection (weapon)
Armour
 b - a +0 robe (worn)
 n - a +2 pair of boots (worn)
Jewellery
 g - a +5 ring of protection (right hand)
 k - a ring of fire (left hand)
 o - a cursed amulet of inaccuracy (around neck)
Scrolls
 m - a scroll of teleportation
Potions
 d - 26 potions of blood
 e - 3 potions of ambrosia
 j - a potion of flight
 l - a potion of heal wounds {unknown}
Books
 c - a book of Maledictions

   Spells                             Type                      Level
   a - Corona                         Hexes                        1
   b - Ensorcelled Hibernation        Hexes/Ice                    2
   c - Confuse                        Hexes                        3
   d - Tukima's Dance                 Hexes                        3
   e - Dazzling Spray                 Conjuration/Hexes            3


   Skills:
 + Level 1.9 Short Blades
 + Level 2.5 Dodging
 * Level 7.4 Stealth
 * Level 4.1 Spellcasting
 * Level 7.3 Hexes
 + Level 2.3 Ice Magic


You had 8 spell levels left.
You knew the following spells:

 Your Spells              Type           Power        Failure   Level  Hunger
a - Ensorcelled Hibernat  Hex/Ice        ###...       2%          2    #......
b - Confuse               Hex            ####....     1%          3    ###....
c - Corona                Hex            ####...      1%          1    None


Dungeon Overview and Level Annotations

Branches:
Dungeon (4/15)
 Temple: D:4-7

Altars:


Innate Abilities, Weirdness & Mutations

You heal slowly.
You have razor-sharp teeth.
You have supernaturally acute eyesight. (SInv)
You can survive without breathing.


Message History

You enter the transporter and appear at another place.
You see here a wand of flame (?/48).
The electric eel shoots out a bolt of lightning at you!
The bolt of electricity hits you! x2; The bolt of electricity hits the plant.
There is an open door here.
Casting: Ensorcelled Hibernation
Confirm with . or Enter, or press ? or * to list all spells.
Aiming: Confuse
Press: ? - help, Shift-Dir - straight line, f - electric eel
Aim: an electric eel (chance to defeat MR: 70%)
The electric eel struggles to resist.
The electric eel shoots out a bolt of lightning at you!
The bolt of electricity hits you! x2
* * * LOW HITPOINT WARNING * * *
The bolt of electricity hits the plant.
The electric eel shoots out a bolt of lightning at you!
The bolt of electricity hits you!
* * * LOW HITPOINT WARNING * * *
The bolt of electricity hits you!
You die...

#........................
#.......########...######
#########......#...#.....
..........#...#.....
....................
.........###########
.........#8P#;;≈≈≈≈≈
.........#..#..≈≈≈≈≈
###....©#.@'..≈⌠≈≈P
####..#..#..≈≈≈≈≈
......)..#8P#≈≈≈≈≈≈≈
........!###########
......<.............
##.####..#.....##### #
#..####+## .... ....


You could see 2 electric eels.

Vanquished Creatures
  Sigmund (D:2)
  Purgy (D:3)
  2 hounds (D:4)
  2 orc priests
  An orc wizard (D:3)
  A worker ant (D:4)
  5 adders
  3 oozes
  An adder skeleton (D:3)
  2 worms (D:1)
  A dart slug (D:1)
  2 leopard geckos (D:1)
  10 orcs
  3 ball pythons
  A giant cockroach (D:1)
  7 goblins
  11 hobgoblins
  4 jackals (D:2)
  A quokka (D:2)
  8 bats
  2 frilled lizards (D:2)
  9 kobolds
  10 rats
88 creatures vanquished.

Vanquished Creatures (others)
  3 plants (D:4)
3 creatures vanquished.

Grand Total: 91 creatures vanquished

Notes
Turn   | Place    | Note
-------+----------+-------------------------------------------
     0 | D:1      | grizmgrazm2 the Vampire Enchanter began the quest for the Orb.
     0 | D:1      | Reached XP level 1. HP: 13/13 MP: 3/3
   631 | D:1      | Reached XP level 2. HP: 17/19 MP: 0/5
   637 | D:1      | Learned a level 2 spell: Ensorcelled Hibernation
  1181 | D:1      | Reached XP level 3. HP: 19/24 MP: 3/6
  1186 | D:1      | Learned a level 3 spell: Confuse
  1256 | D:1      | Reached skill level 5 in Hexes
  1329 | D:1      | Reached skill level 5 in Stealth
  1488 | D:2      | Reached skill level 1 in Ice Magic
  1803 | D:2      | Found a faded altar of an unknown god.
  1932 | D:2      | Noticed Sigmund
  1949 | D:2      | Killed Sigmund
  1949 | D:2      | Reached XP level 4. HP: 25/30 MP: 5/9
  1949 | D:2      | Reached XP level 5. HP: 30/35 MP: 5/10
  2580 | D:3      | Reached XP level 6. HP: 27/41 MP: 1/11
  2694 | D:3      | Noticed Purgy
  2729 | D:3      | Killed Purgy
  3465 | D:4      | Reached XP level 7. HP: 46/46 MP: 4/13
  3566 | D:4      | Found a transporter.
  3586 | D:4      | HP: 2/46 [electric eel/bolt of electricity (10)]
  3586 | D:4      | Killed from afar by an electric eel

Skill      XL: |  1  2  3  4  5  6 |
---------------+-------------------+-----
Hexes          | 6 7 |  7.3
Stealth        | 6 7 |  7.4
Ice Magic      | 1 2 |  2.3
Spellcasting   | 3 4 |  4.1
Short Blades   | |  1.9
Dodging        | |  2.5

Action                   |  1- 3 |  4- 6 |  7- 9 || total
-------------------------+-------+-------+-------++-------
Melee: Dagger            |   121 |    98 |    16 ||   235
       Bite              |    12 |     2 |     1 ||    15
 Cast: Corona            |    17 |       |       ||    17
       Ensorcelled Hiber |    21 |    27 |     3 ||    51
       Confuse           |     2 |     8 |     1 ||    11
  Use: Scroll            |     4 |     6 |     1 ||    11
       Potion            |     3 |     1 |       ||     4
 Stab: Sleeping          |    22 |    28 |     5 ||    55
       Distracted        |     1 |       |       ||     1
       Confused          |       |     6 |       ||     6
Armor: Robe              |    18 |    39 |     7 ||    64
Dodge: Dodged            |    65 |    41 |    11 ||   117
